 Dungeon Crawl Stone Soup version 0.32-a0-931-g5a2cda0630 (webtiles) character file.

Game seed: 16472937408018122142

96 Gargoyl the Trooper (level 4, -1/29 HPs)
             Began as a Gargoyle Berserker on Apr 13, 2024.
             Was a Follower of Trog.
             Slain by an orc wizard
             ... wielding a +0 dagger
              (3 damage)
             ... on level 3 of the Dungeon.
             The game lasted 00:02:30 (1780 turns).

Gargoyl the Trooper (Gargoyle Berserker)            Turns: 1780, Time: 00:02:31

Health: -1/29      AC:  5    Str: 21    XL:     4   Next: 67%
Magic:  4/4        EV: 11    Int:  7    God:    Trog [*.....]
Gold:   150        SH:  0    Dex: 11    Spells: 3/3 levels left

rFire   . . .        a - +0 hand axe
rCold   . . .        (no shield)
rNeg    + . .        b - +0 animal skin
rPois   ∞            (no helmet)
rElec   +            (no cloak)
rCorr   .            (no gloves)
SInv    .            (no boots)
Will    .....        (no amulet)
Stlth   +            (no ring)
HPRegen 0.24/turn    (no ring)
MPRegen 0.09/turn

%: no passive effects
@: no status effects
A: sickness immunity, AC +3, negative energy resistance 1, electricity
resistance, torment resistance 1, petrification resistance
a: Renounce Religion, Berserk


You were on level 3 of the Dungeon.
You worshipped Trog.
Trog was aware of your devotion.
You visited 1 branch of the dungeon, and saw 3 of its levels.

You collected 150 gold pieces.

Inventory:

Hand Weapons
 a - a +0 hand axe (weapon)
Armour
 b - a +0 animal skin (worn)
Scrolls
 d - 2 scrolls of identify
 e - 3 scrolls of teleportation
Potions
 i - a potion of degeneration {unknown}
 j - a potion of might {unknown}
 l - a potion of curing {unknown}
 n - a potion of mutation {unknown}


   Skills:
 + Level 4.2 Fighting
 + Level 3.6 Axes
 + Level 2.7 Armour
 + Level 1.9 Dodging
 + Level 1.0 Stealth


You had 3 spell levels left.
You didn't know any spells.
Your spell library was empty.

Dungeon Overview and Level Annotations

Branches:
Dungeon (3/15)

Altars:
Hepliaklqana
Vehumet
Yredelemnul


Innate Abilities, Weirdness & Mutations

You are immune to sickness and miasma.
Your stone body is resilient. (AC +3)
You are immune to poison.
You resist negative energy. (rN+)
You are resistant to electric shocks. (rElec)
You are resistant to unholy torment.
You are immune to petrification.


Message History

The orc is severely wounded.
The orc hits you but does no damage.
You hit the orc.
You kill the orc!
Trog accepts your kill.
You miss the orc wizard. The orc wizard casts a spell at you.
You resist with some effort.
You barely miss the orc wizard.
The orc wizard hits you with a +0 dagger.
You closely miss the orc wizard.
The orc wizard hits you with a +0 dagger.
You barely miss the orc wizard.
The orc wizard hits you but does no damage.
You miss the orc wizard.
The orc wizard hits you but does no damage.
The orc wizard mumbles some strange words.
The orc wizard flickers and vanishes!
Deactivating autopickup; reactivate with Ctrl-A.
You closely miss something. Something hits you.
You miss something.
You hear some strange, mumbled words.
A magic dart appears from out of thin air!
The magic dart hits you.
You closely miss something. Something hits you.
You miss something. Something hits you but does no damage.
You slash something! Something hits you.
You fail to use your ability.
Something hits you but does no damage.
You hit something but do no damage. Something hits you but does no damage.
You hit something. Something hits you but does no damage.
You barely miss something.
The orc priest shouts!
Something hits you but does no damage. x2
You barely miss something.
The orc priest invokes the aid of Beogh against you.
Beogh smites you!
Ouch! That really hurt!
* * * LOW HITPOINT WARNING * * *
Something hits you.
You die...

**,* ,,,* ,*** ,* ,*
##*##### ### ,*
#.,,...###.## ,*
#.***#.##.#.### ,*
#.####...##...## **
#....#..###@#..######## *
#..#..###*#{#####.....# *
#....##,,,.o.,,,#####.# *
##.###,,*#####*,,***#.# *
####.#_..###_._***,,_*#.# *
####.###..##...**,,####.#
####.####.....o,,,##.##.#
###.....####...***#.....#
#####.###....##_#*####.####


You could see an orc priest.

Vanquished Creatures
  2 iguanas
  2 orcs (D:3)
  2 ball pythons (D:2)
  4 endoplasms
  A giant cockroach (D:2)
  5 goblins
  2 hobgoblins
  4 jackals (D:1)
  2 quokkas (D:1)
  A frilled lizard (D:1)
  7 kobolds
  7 rats
39 creatures vanquished.

Notes
Turn   | Place    | Note
-------+----------+-------------------------------------------
     0 | D:1      | Gargoyl the Gargoyle Berserker began the quest for the Orb.
     0 | D:1      | Reached XP level 1. HP: 14/14 MP: 1/1
   175 | D:1      | Found a faded altar of an unknown god.
   270 | D:1      | Reached XP level 2. HP: 8/19 MP: 2/2
   839 | D:2      | Reached XP level 3. HP: 22/23 MP: 3/3
  1302 | D:2      | Reached skill level 4 in Fighting
  1302 | D:2      | Reached XP level 4. HP: 24/29 MP: 4/4
  1703 | D:3      | Reached skill level 1 in Stealth
  1733 | D:3      | Found a faded altar of an unknown god.
  1733 | D:3      | Found a hazy altar of Hepliaklqana.
  1733 | D:3      | Found a radiant altar of Vehumet.
  1733 | D:3      | Found a basalt altar of Yredelemnul.
  1780 | D:3      | Slain by an orc wizard

Illustrated notes

Levels and vault maps discovered:
D:1:      nagdon_arrival_zigzag_paths, layout_basic, serial_forest,
          infiniplex_forest_straight_3, infiniplex_forest_straight_5,
          infiniplex_forest_lined_2, infiniplex_forest_diagonal,
          infiniplex_forest_end_2, infiniplex_forest_end_1,
          infiniplex_forest_straight_3, hellmonk_ecumenical_altar_run_dry,
          serial_bayou_pond_a
D:2:      layout_basic, lexackson_kobold_supper
D:3:      layout_loops_cross, chequers_temple_overflow_minitemple,
          minmay_misc_feat_rugged

Skill      XL: |  1  2  3  4 |
---------------+-------------+-----
Axes           | 3 |  3.6
Fighting       | 4 |  4.2
Stealth        | 1 |  1.0
Armour         | |  2.7
Dodging        | |  1.9

Action                     |  1- 3 |  4- 6 || total
---------------------------+-------+-------++-------
  Melee: Hand axe          |    62 |    44 ||   106
 Invoke: Berserk           |     1 |     2 ||     3
    Use: Scroll            |       |     8 ||     8
   Stab: Sleeping          |     1 |       ||     1
 Armour: Animal skin       |    37 |    38 ||    75
  Dodge: Dodged            |    42 |    16 ||    58

Table legend: (Time is in decaauts)
 A = Elapsed time spent in this place.
 B = Non-inter-level travel time spent in this place.
 C = Inter-level travel time spent in this place.
 D = Time resting spent in this place.
 E = Time spent auto-exploring this place.
 F = Levels seen in this place.
 G = Mean time per level.
                   A        B        C        D        E       F      G
               +--------+--------+--------+--------+--------+-----+--------+
         Total |   1826 |   1763 |     63 |     69 |   1319 |   3 |  608.7 |
       Dungeon |   1826 |   1763 |     63 |     69 |   1319 |   3 |  608.7 |
               +--------+--------+--------+--------+--------+-----+--------+

Top non-repeatable levels by time:
     D:1: 843 daAuts
     D:2: 610 daAuts
     D:3: 371 daAuts
